 Dungeon Crawl Stone Soup version 0.31-a0-865-g3d5d91748a (webtiles) character file.

Game seed: 9016650988818332450

1481 wvc the Carver (level 8, -2/63 HPs)
             Began as a Black Draconian Conjurer on Oct 10, 2023.
             Succumbed to a killer bee's poison
             ... on level 6 of the Dungeon.
             The game lasted 00:16:06 (6594 turns).

wvc the Carver (Black Draconian Conjurer)           Turns: 6594, Time: 00:16:07

Health: -2/63      AC:  7    Str:  9    XL:     8   Next: 50%
Magic:  11/11      EV: 12    Int: 21    God:
Gold:   1287       SH:  0    Dex: 16    Spells: 9/12 levels left

rFire   . . .        m - +2 demon blade (elec)
rCold   . . .        (no shield)
rNeg    . . .        (body armour unavailable)
rPois   .            (helmet restricted)
rElec   +            u - +0 cloak
rCorr   .            (no gloves)
SInv    .            (no boots)
Will    .....        (no amulet)
Stlth   ++           v - +6 ring of dexterity
HPRegen 0.30/turn    (no ring)
MPRegen 0.12/turn

%: no passive effects
@: brilliant, lethally poisoned (-2 -> -21)
A: breathe lightning, AC +6, unfitting armour, electricity resistance,
cold-blooded
a: Breathe Lightning


You were on level 6 of the Dungeon.
You visited 1 branch of the dungeon, and saw 6 of its levels.

You collected 1287 gold pieces.

Inventory:

Hand Weapons
 j - a +2 dagger of protection
 m - a +2 demon blade of electrocution (weapon)
 t - a +0 rapier
Missiles
 b - 5 poisoned darts
 c - 2 datura-tipped darts
 e - 3 throwing nets
 f - 2 atropa-tipped darts
Armour
 o - the +5 robe of Misfortune {Harm *Corrode *Slow EV+5}
   (You found it on level 3 of the Dungeon)

   EV+5:      It affects your evasion (+5).
   *Corrode:  It may corrode you when you take damage.
   *Slow:     It may slow you when you take damage.
   Harm:      It increases damage dealt and taken.
 u - a +0 cloak (worn)
Jewellery
 k - a ring of ice
 v - a +6 ring of dexterity (left hand)
Scrolls
 d - 2 scrolls of revelation
 h - 2 scrolls of poison
 i - 4 scrolls of blinking
 l - a scroll of summoning
 n - a scroll of fear
 p - a scroll of torment
 s - 2 scrolls of vulnerability {unknown}
 x - a scroll of noise {unknown}
Potions
 a - a potion of magic
 g - a potion of mutation
 q - a potion of brilliance
 r - a potion of enlightenment


   Skills:
 - Level 3.0 Fighting
 * Level 9.2 Long Blades
 - Level 1.7 Dodging
 - Level 1.7 Stealth
 - Level 2.6 Spellcasting
 - Level 5.4 Conjurations


You had 9 spell levels left.
You knew the following spells:

 Your Spells              Type           Power      Damage    Failure   Level
a - Magic Dart            Conj           100%       1d8       1%          1
b - Searing Ray           Conj           76%        2d7       2%          2

Your spell library contained the following spells:

 Spells                   Type           Power      Damage    Failure   Level
 Dazzling Flash           Conj/Hex       42%        N/A       14%         3
 Fulminant Prism          Conj/Hex       10%        3d9       41%         4
 Iskenderun's Mystic Bla  Conj/Tloc      21%        2d6       41%         4


Dungeon Overview and Level Annotations

Branches:
Dungeon (6/15)
 Temple: D:4-7

Altars:
Fedhas


Innate Abilities, Weirdness & Mutations

You can breathe wild blasts of lightning.
Your glossy black scales are hard. (AC +6)
You cannot fit into any form of body armour.
You are resistant to electric shocks. (rElec)
You are cold-blooded and may be slowed by cold attacks.


Message History

The killer bee barely misses you. The killer bee misses you.
The killer bee completely misses you.
You miss the killer bee.
The killer bee is heavily wounded.
You feel sick. The killer bee stings you! The killer bee misses you.
You hit the killer bee.
The killer bee is almost dead.
The killer bee stings you but does no damage.
The killer bee barely misses you. x2; The killer bee stings you.
You hit the killer bee.
The killer bee is almost dead.
You feel sick.
The killer bee stings you but does no damage.
The killer bee stings you.
You are more poisoned.
The killer bee poisons you! The killer bee stings you.
You are more poisoned.
The killer bee poisons you!
The killer bee stings you but does no damage.
You are too injured to fight recklessly!
You closely miss the killer bee.
The killer bee is almost dead.
You feel very sick. The killer bee stings you.
You are lethally poisoned!
The killer bee poisons you! The killer bee stings you.
* * * LOW HITPOINT WARNING * * *
It was a potion of brilliance.
You feel clever all of a sudden.
You have got your breath back.
* * * LOW HITPOINT WARNING * * *
You feel very sick.
The killer bee stings you but does no damage.
The killer bee stings you.
* * * LOW HITPOINT WARNING * * *
The killer bee barely misses you. The killer bee stings you.
* * * LOW HITPOINT WARNING * * *
You barely miss the killer bee.
The killer bee is almost dead.
You die...

................
...............
##.............
#.............
#......#####'# ####
#####............# .....
#................#
......#y...######.....##
......y@...# ########
......#....# .....
#....# #### #....#
######


You could see 2 killer bees.

Vanquished Creatures
  A black bear (D:4)
  An ice beast (D:5)
  2 ogres
  2 phantoms (D:5)
  2 scorpions
  3 killer bees (D:6)
  6 hounds
  A sleepcap (D:5)
  An orc priest (D:3)
  2 gnoll boudas
  3 iguanas
  2 orc wizards (D:2)
  7 adders
  13 gnolls
  A shadow imp (D:6)
  An ufetubus (D:6)
  3 worms
  2 dart slugs
  3 orcs (D:3)
  8 ball pythons
  9 bats
  11 endoplasms
  5 giant cockroaches
  4 goblins
  4 hobgoblins
  10 jackals
  3 quokkas
  3 frilled lizards
  4 kobolds
  6 rats
123 creatures vanquished.

Notes
Turn   | Place    | Note
-------+----------+-------------------------------------------
     0 | D:1      | wvc the Draconian Conjurer began the quest for the Orb.
     0 | D:1      | Reached XP level 1. HP: 14/14 MP: 3/3
   189 | D:1      | Reached XP level 2. HP: 19/20 MP: 0/5
  1172 | D:2      | Reached XP level 3. HP: 26/26 MP: 4/6
  1341 | D:2      | Learned a level 2 spell: Searing Ray
  1420 | D:2      | Reached skill level 5 in Conjurations
  1640 | D:2      | Reached XP level 4. HP: 33/33 MP: 2/7
  2095 | D:2      | Reached skill level 1 in Long Blades
  2153 | D:3      | Reached skill level 2 in Long Blades
  2153 | D:3      | Reached XP level 5. HP: 39/39 MP: 8/8
  2423 | D:2      | Identified a scroll of acquirement
  2530 | D:2      | Acquired 1022 gold pieces
  2712 | D:2      | Reached skill level 1 in Fighting
  2850 | D:3      | Reached skill level 3 in Long Blades
  3139 | D:3      | Found the +5 robe of Misfortune {Harm *Corrode *Slow EV+5}
  4212 | D:4      | Reached skill level 4 in Long Blades
  4212 | D:4      | Reached XP level 6. HP: 35/47 MP: 6/9
  4376 | D:5      | Entered Level 5 of the Dungeon
  4708 | D:5      | Reached skill level 5 in Long Blades
  4917 | D:5      | Your scales start taking on a glossy black colour.
  4917 | D:5      | Reached XP level 7. HP: 39/55 MP: 1/10
  4917 | D:5      | Gained mutation: You are resistant to electric shocks.
                  | (rElec) [Black Draconian growth]
  4999 | D:5      | Reached skill level 6 in Long Blades
  5044 | D:5      | Found a blossoming altar of Fedhas.
  5239 | D:4      | Reached skill level 7 in Long Blades
  5597 | D:5      | Reached XP level 8. HP: 40/63 MP: 5/11
  6000 | D:6      | Reached skill level 8 in Long Blades
  6582 | D:6      | Reached skill level 9 in Long Blades
  6593 | D:6      | HP: 2/63 [killer bee (3)]
  6594 | D:6      | Succumbed to a killer bee's poison

Illustrated notes

Levels and vault maps discovered:
D:1:      shiori_arrival_whats_in_store_for_you, layout_basic
D:2:      layout_basic
D:3:      minmay_bubble_buster, layout_basic
D:4:      layout_cave_pools
D:5:      layout_rooms, mainiacjoe_overflow_alcove_2, portal_sewer_entry_b
D:6:      layout_gridville

Skill      XL: |  1  2  3  4  5  6  7  8 |
---------------+-------------------------+-----
Conjurations   | 5 |  5.4
Long Blades    | 2 4 5 7 9 |  9.2
Fighting       | 1 2 3 |  3.0
Dodging        | |  1.7
Stealth        | |  1.7
Spellcasting   | |  2.6

Action                     |  1- 3 |  4- 6 |  7- 9 || total
---------------------------+-------+-------+-------++-------
  Melee: Unarmed           |    34 |       |       ||    34
         Tailslap          |     5 |     9 |    11 ||    25
         Punch             |     1 |       |     1 ||     2
         Dagger            |     9 |       |       ||     9
         Demon blade       |       |   152 |    92 ||   244
   Cast: Magic Dart        |    66 |   103 |    44 ||   213
         Searing Ray       |       |       |     1 ||     1
Ability: Breathe Lightning |       |       |     2 ||     2
    Use: Scroll            |       |    12 |       ||    12
         Potion            |       |     2 |     3 ||     5
   Stab: Sleeping          |       |     1 |     2 ||     3
 Armour: Skin              |    31 |   155 |    91 ||   277
  Dodge: Dodged            |    44 |   108 |    74 ||   226

Table legend: (Time is in decaauts)
 A = Elapsed time spent in this place.
 B = Non-inter-level travel time spent in this place.
 C = Inter-level travel time spent in this place.
 D = Time resting spent in this place.
 E = Time spent auto-exploring this place.
 F = Levels seen in this place.
 G = Mean time per level.
                   A        B        C        D        E       F      G
               +--------+--------+--------+--------+--------+-----+--------+
         Total |   6625 |   6480 |    145 |   1441 |   3869 |   6 | 1104.2 |
       Dungeon |   6625 |   6480 |    145 |   1441 |   3869 |   6 | 1104.2 |
               +--------+--------+--------+--------+--------+-----+--------+

Top non-repeatable levels by time:
     D:2: 1634 daAuts
     D:5: 1289 daAuts
     D:1: 1155 daAuts
     D:3: 1024 daAuts
     D:4: 791 daAuts
     D:6: 731 daAuts
